[Event "ICC tourney 2163 (75 10)"]
[Site "Internet Chess Club"]
[Date "2020.11.27"]
[Round "1"]
[White "binomialfactor"]
[Black "Enamul"]
[Result "0-1"]
[ICCResult "White resigns"]
[WhiteElo "2171"]
[BlackElo "2476"]
[Opening "QGD semi-Slav: anti-Meran, Lilienthal variation"]
[ECO "D44"]
[NIC "SL.07"]
[Time "11:04:26"]
[PlyCount "54"]
[TimeControl "4500+10"]


1. d4 d5 2. c4 c6 3. Nc3 Nf6 4. Nf3 e6 5. Bg5 dxc4 6. e4 b5 7. e5 h6 8. Bh4
g5 9. Nxg5 hxg5 10. Bxg5 Nbd7 11. g3 Bb7 12. Bg2 Qb6 13. exf6 c5 14. d5
O-O-O 15. O-O b4 16. Na4 Qb5 17. a3 exd5 18. Bxd5 Ne5 19. Qe2 Rxd5 20. axb4
cxb4 21. f4 Bc5+ 22. Nxc5 Qxc5+ 23. Rf2 Nd3 24. Rf1 Nxf2 25. Rxf2 Rhd8 26.
Qg4+ Kb8 27. h4 Rd1+ { White resigns } 0-1

[Event "ICC tourney 2163 (75 10)"]
[Site "Internet Chess Club"]
[Date "2020.11.27"]
[Round "1"]
[White "Kalmyk"]
[Black "phoenix10q72"]
[Result "1-0"]
[ICCResult "Black resigns"]
[WhiteElo "2763"]
[BlackElo "2264"]
[Opening "Sicilian: Najdorf, Byrne (English) attack"]
[ECO "B90"]
[NIC "SI.14"]
[Time "11:04:37"]
[PlyCount "111"]
[TimeControl "4500+10"]


1. e4 c5 2. Nf3 d6 3. d4 cxd4 4. Nxd4 Nf6 5. Nc3 a6 6. Be3 e5 7. Nf3 Be7 8.
Bc4 O-O 9. O-O Be6 10. Bb3 Nbd7 11. Bxe6 fxe6 12. Ng5 Qa5 13. Nxe6 Rfc8 14.
Qd3 Nb6 15. a3 Rxc3 16. Bxb6 Qxb6 17. Qxc3 Nxe4 18. Qc7 Qxc7 19. Nxc7 Rc8
20. Nd5 Bg5 21. c3 Nd2 22. Rfd1 Nb3 23. Rab1 Rc5 24. Ne3 Rc6 25. Nf5 g6 26.
Nxd6 Nd2 27. h4 Bh6 28. Rxd2 Bxd2 29. Ne4 Bh6 30. Rd1 Rc7 31. Rd6 Kf7 32.
Rb6 Bf8 33. Kf1 Be7 34. g3 Rd7 35. Ke2 Bd8 36. Rxb7 Rxb7 37. Nd6+ Ke6 38.
Nxb7 Bb6 39. c4 Bd4 40. b4 Kd7 41. Nc5+ Bxc5 42. bxc5 Kc6 43. Kd3 Kxc5 44.
g4 a5 45. Ke4 Kxc4 46. Kxe5 Kb3 47. f4 Kxa3 48. f5 gxf5 49. gxf5 Kb2 50. f6
a4 51. f7 a3 52. f8=Q a2 53. Qb4+ Kc2 54. Qa3 Kb1 55. Qb3+ Ka1 56. Qc2 {
Black resigns } 1-0

[Event "ICC tourney 2163 (75 10)"]
[Site "Internet Chess Club"]
[Date "2020.11.27"]
[Round "1"]
[White "Gukesh"]
[Black "sriramk"]
[Result "1-0"]
[ICCResult "Black resigns"]
[WhiteElo "2613"]
[BlackElo "2192"]
[Opening "Queen's bishop game"]
[ECO "D02"]
[NIC "QP.08"]
[Time "11:04:25"]
[PlyCount "43"]
[TimeControl "4500+10"]


1. d4 d5 2. Nf3 Nf6 3. Bf4 e6 4. e3 Bd6 5. Nbd2 O-O 6. Bd3 c5 7. dxc5 Bxc5
8. O-O Nc6 9. c4 h6 10. Rc1 Be7 11. h3 Bd7 12. a3 a5 13. cxd5 Nxd5 14. Bg3
Bf6 15. Nc4 Nb6 16. Nd6 Ra7 17. Qc2 Be7 18. Nb5 Ra6 19. Bc7 Qc8 20. Nbd4
Qxc7 21. Bxa6 bxa6 22. Nxc6 { Black resigns } 1-0

[Event "ICC tourney 2163 (75 10)"]
[Site "Internet Chess Club"]
[Date "2020.11.27"]
[Round "1"]
[White "manest"]
[Black "nithin"]
[Result "1-0"]
[ICCResult "Black resigns"]
[WhiteElo "2718"]
[BlackElo "2250"]
[Opening "Nimzovich-Larsen attack: modern variation"]
[ECO "A01"]
[NIC "VO.08"]
[Time "11:04:33"]
[PlyCount "79"]
[TimeControl "4500+10"]


1. b3 e5 2. Bb2 Nc6 3. e3 Nf6 4. Nf3 Bd6 5. d3 O-O 6. Nbd2 Re8 7. c4 Bc5 8.
a3 a5 9. Qc2 d6 10. Be2 h6 11. O-O Bf5 12. Bc3 Nd4 13. Bxd4 exd4 14. e4 Bh7
15. Rfe1 c6 16. Bf1 Ba7 17. b4 d5 18. exd5 cxd5 19. c5 Qc7 20. Nxd4 Qd7 21.
N2f3 Bb8 22. Rxe8+ Nxe8 23. Re1 Nf6 24. b5 Bc7 25. b6 Bd8 26. Qc3 Be7 27.
c6 bxc6 28. Qxc6 Qxc6 29. Nxc6 Bd6 30. b7 Rf8 31. Nfd4 Nd7 32. Nb5 Nb8 33.
Nxd6 Nxc6 34. Rc1 Nb8 35. d4 Bg6 36. Rc8 Bh5 37. f3 f6 38. Bb5 Bf7 39. Be8
Bxe8 40. Rxb8 { Black resigns } 1-0

[Event "ICC tourney 2163 (75 10)"]
[Site "Internet Chess Club"]
[Date "2020.11.27"]
[Round "1"]
[White "wolverine54"]
[Black "ShadowApt"]
[Result "1-0"]
[ICCResult "Black resigns"]
[WhiteElo "2286"]
[BlackElo "2110"]
[Opening "Sicilian: Najdorf, Adams attack"]
[ECO "B90"]
[NIC "SI.14"]
[Time "11:04:22"]
[PlyCount "79"]
[TimeControl "4500+10"]


1. e4 c5 2. Nf3 d6 3. d4 cxd4 4. Nxd4 Nf6 5. Nc3 a6 6. h3 e5 7. Nde2 Be7 8.
Bg5 Be6 9. Bxf6 Bxf6 10. Nd5 Bxd5 11. Qxd5 Nc6 12. Nc3 O-O 13. Bd3 Qb6 14.
Qb3 Qxb3 15. axb3 Nb4 16. O-O-O Nc6 17. Nd5 Bg5+ 18. Kb1 Nd4 19. Nb6 Ra7
20. Bc4 Bd8 21. Nc8 Ra8 22. Nxd6 b5 23. Bd5 Rb8 24. c3 Ne6 25. b4 g6 26.
Bb3 Be7 27. Rd2 Rfd8 28. Rhd1 Rb6 29. Bxe6 fxe6 30. Nc4 Rxd2 31. Nxd2 Rd6
32. Kc2 Bg5 33. Nb3 Rc6 34. Rd7 h5 35. Na5 Rb6 36. Nb7 Kf8 37. Nc5 Bh4 38.
g3 Be7 39. Ra7 h4 40. Nd7+ { Black resigns } 1-0

[Event "ICC tourney 2163 (75 10)"]
[Site "Internet Chess Club"]
[Date "2020.11.27"]
[Round "1"]
[White "Markss1420"]
[Black "Terry1234"]
[Result "0-1"]
[ICCResult "White resigns"]
[WhiteElo "2108"]
[BlackElo "2285"]
[Opening "Sicilian defense"]
[ECO "B20"]
[NIC "SI.48"]
[Time "11:04:38"]
[PlyCount "56"]
[TimeControl "4500+10"]


1. e4 c5 2. b3 Nf6 3. e5 Nd5 4. Nc3 Nxc3 5. dxc3 Nc6 6. Qd5 e6 7. Qe4 d5 8.
exd6 Bxd6 9. Bb5 Bd7 10. Bb2 a6 11. O-O-O Qc7 12. Be2 O-O 13. c4 Nd4 14.
Bxd4 Bc6 15. Qd3 cxd4 16. Bf3 e5 17. g4 b5 18. c5 Bxc5 19. Bxc6 Qxc6 20. f3
a5 21. h4 a4 22. Kb1 axb3 23. cxb3 Bb4 24. Rh2 Bc3 25. Nh3 h6 26. h5 Qe6
27. g5 Rxa2 28. Rxa2 Qxb3+ { White resigns } 0-1

[Event "ICC tourney 2163 (75 10)"]
[Site "Internet Chess Club"]
[Date "2020.11.27"]
[Round "1"]
[White "PawnEatingZombi"]
[Black "KRASAVCHIK"]
[Result "0-1"]
[ICCResult "White resigns"]
[WhiteElo "2219"]
[BlackElo "2648"]
[Opening "Nimzo-Indian: classical variation"]
[ECO "E32"]
[NIC "NI.24"]
[Time "11:04:33"]
[PlyCount "60"]
[TimeControl "4500+10"]


1. d4 Nf6 2. c4 e6 3. Nc3 Bb4 4. Qc2 b6 5. e4 c5 6. d5 Qe7 7. Be2 exd5 8.
exd5 O-O 9. Nf3 d6 10. O-O Bxc3 11. bxc3 Bg4 12. Bg5 Re8 13. Be3 Nbd7 14.
h3 Bh5 15. a4 Ne4 16. Rfe1 f5 17. Bd3 Bxf3 18. gxf3 Ng5 19. Kg2 Ne5 20.
Bxf5 Nexf3 21. Reb1 Nh4+ 22. Kf1 Qf7 23. Bxg5 Nxf5 24. Qd3 Qg6 25. Qd2 Qh5
26. Kg2 h6 27. Bf4 Nh4+ 28. Kg3 Qf3+ 29. Kxh4 g5+ 30. Bxg5 Re4+ { White
resigns } 0-1

[Event "ICC tourney 2163 (75 10)"]
[Site "Internet Chess Club"]
[Date "2020.11.27"]
[Round "1"]
[White "sathviks"]
[Black "GGuseinov"]
[Result "0-1"]
[ICCResult "White resigns"]
[WhiteElo "2243"]
[BlackElo "2715"]
[Opening "Sicilian: Hungarian variation"]
[ECO "B27"]
[NIC "SI.43"]
[Time "11:04:56"]
[PlyCount "92"]
[TimeControl "4500+10"]


1. e4 c5 2. Nf3 g6 3. d4 cxd4 4. Nxd4 Nf6 5. f3 Nc6 6. c4 Bg7 7. Be3 O-O 8.
Nc3 Qb6 9. Qd2 Nxd4 10. Bxd4 Nxe4 11. Bxb6 Nxd2 12. Kxd2 axb6 13. Bd3 d6
14. a4 Be6 15. b3 Rfc8 16. Rab1 Rc5 17. Ne4 Rca5 18. Rhe1 d5 19. cxd5 Rxd5
20. Ke2 Rd4 21. Red1 Rb4 22. Nd2 Bh6 23. Bc4 Bxc4+ 24. Nxc4 b5 25. Nb6 Ra6
26. Nd5 Rh4 27. Nc7 Rc6 28. Rd8+ Bf8 29. Nxb5 Rc2+ 30. Ke3 Rxh2 31. Rb8
Rhxg2 32. Rd1 h5 33. Rdd8 Rce2+ 34. Kd4 Rd2+ 35. Kc5 Rxd8 36. Rxd8 h4 37.
Rd1 h3 38. Rh1 h2 39. Kb6 Bh6 40. Kxb7 Bd2 41. Kb6 Bf4 42. a5 Rg1 43. Rxh2
Bxh2 44. a6 Ra1 45. b4 Bg1+ 46. Kb7 Ra4 { White resigns } 0-1

[Event "ICC tourney 2163 (75 10)"]
[Site "Internet Chess Club"]
[Date "2020.11.27"]
[Round "1"]
[White "Sergeiaza"]
[Black "dpomerantz135"]
[Result "1-0"]
[ICCResult "Black resigns"]
[WhiteElo "2679"]
[BlackElo "2238"]
[Opening "Sicilian: Taimanov (Bastrikov) variation"]
[ECO "B47"]
[NIC "SI.40"]
[Time "11:04:35"]
[PlyCount "69"]
[TimeControl "4500+10"]


1. e4 c5 2. Nf3 e6 3. d4 cxd4 4. Nxd4 Nc6 5. Nc3 Qc7 6. Be2 a6 7. O-O Nf6
8. Be3 Bb4 9. Na4 Be7 10. Nxc6 bxc6 11. Bb6 Qe5 12. Bf3 Rb8 13. Bd4 Qc7 14.
e5 Nd5 15. c4 Nf4 16. Qd2 Ng6 17. Qe3 O-O 18. Rad1 f6 19. exf6 Bxf6 20. Bc5
Be7 21. Bxe7 Nxe7 22. b3 d5 23. Rfe1 Nf5 24. Qe2 Qa7 25. Bg4 Bd7 26. c5 Rb4
27. h3 Re4 28. Qb2 Rxe1+ 29. Rxe1 a5 30. Qe5 Rf6 31. Nb6 Qb7 32. Bxf5 exf5
33. Qe7 Bc8 34. Qd8+ Rf8 35. Re8 { Black resigns } 1-0

[Event "ICC tourney 2163 (75 10)"]
[Site "Internet Chess Club"]
[Date "2020.11.27"]
[Round "1"]
[White "lmperatorX"]
[Black "RajeshCS"]
[Result "1/2-1/2"]
[ICCResult "Game drawn by mutual agreement"]
[WhiteElo "2113"]
[BlackElo "2310"]
[Opening "Sicilian: Pin, Koch variation"]
[ECO "B41"]
[NIC "SI.41"]
[Time "11:04:20"]
[PlyCount "73"]
[TimeControl "4500+10"]


1. e4 c5 2. Nf3 e6 3. d4 cxd4 4. Nxd4 Nf6 5. Nc3 Bb4 6. e5 Nd5 7. Bd2 Bxc3
8. bxc3 O-O 9. Bd3 d6 10. Qh5 g6 11. Qe2 dxe5 12. Qxe5 Nd7 13. Qg3 e5 14.
Ne2 Re8 15. O-O Nc5 16. Rfd1 Nxd3 17. cxd3 Ne7 18. Qf3 Qd5 19. Qxd5 Nxd5
20. c4 Nc7 21. Nc3 f6 22. Be3 Be6 23. Rab1 b6 24. a4 Red8 25. Ne4 Ne8 26.
a5 bxa5 27. Nc5 Bf5 28. Ra1 Nd6 29. Rdc1 Rab8 30. h3 Nb7 31. Nxb7 Rxb7 32.
Rxa5 Rdd7 33. c5 Rbc7 34. c6 Rd6 35. Rxa7 Rcxc6 36. Rxc6 Rxc6 37. d4 { Game
drawn by mutual agreement } 1/2-1/2

[Event "ICC tourney 2163 (75 10)"]
[Site "Internet Chess Club"]
[Date "2020.11.27"]
[Round "1"]
[White "shianen"]
[Black "Aleksandrov73"]
[Result "0-1"]
[ICCResult "White resigns"]
[WhiteElo "2197"]
[BlackElo "2634"]
[Opening "QGD: 4.Nf3"]
[ECO "D37"]
[NIC "QI.01"]
[Time "11:04:50"]
[PlyCount "128"]
[TimeControl "4500+10"]


1. d4 Nf6 2. c4 e6 3. Nf3 d5 4. Nc3 Nbd7 5. e3 Be7 6. Bd3 dxc4 7. Bxc4 a6
8. a4 c5 9. O-O O-O 10. Qe2 cxd4 11. exd4 Nb6 12. Bd3 Nbd5 13. Rd1 b6 14.
Bg5 Bb7 15. Ne5 h6 16. Be3 Nb4 17. Bb1 Rc8 18. Nd3 Nbd5 19. Nxd5 Nxd5 20.
Nf4 Qd6 21. Qd3 f5 22. Ng6 Rfd8 23. Nxe7+ Nxe7 24. f3 a5 25. Bf2 Nd5 26.
Bg3 Qd7 27. Be5 Nb4 28. Qe2 Bc6 29. Ba2 Nxa2 30. Rxa2 Bxa4 31. Re1 Rc2 32.
Qe3 Bb5 33. Ra3 Rdc8 34. Rc3 R8xc3 35. bxc3 Bc4 36. Rd1 Qa4 37. Rc1 Re2 38.
Qf4 Qa3 39. Rd1 Qxc3 40. Qg3 Qe3+ 41. Kh1 Qg5 42. Qxg5 hxg5 43. h3 a4 44.
Bd6 Kf7 45. Rc1 b5 46. Ra1 Ke8 47. Kh2 Kd7 48. Bc5 Bd5 49. Kg3 f4+ 50. Kh2
Bxf3 51. Rg1 Bd5 52. h4 g4 53. h5 Ke8 54. Bd6 f3 55. Kg3 Rxg2+ 56. Rxg2
fxg2 57. Kf2 Kf7 58. Bc5 Kf6 59. Bd6 Kg5 60. Bc5 Kxh5 61. Bd6 Kg6 62. Bc5
Kf5 63. Bd6 Ke4 64. Bc5 Kd3 { White resigns } 0-1

[Event "ICC tourney 2163 (75 10)"]
[Site "Internet Chess Club"]
[Date "2020.11.27"]
[Round "1"]
[White "mhebden"]
[Black "SkyAngel"]
[Result "1/2-1/2"]
[ICCResult "Black stalemated"]
[WhiteElo "2503"]
[BlackElo "2189"]
[Opening "QGA, Janowsky-Larsen variation"]
[ECO "D25"]
[NIC "QG.08"]
[Time "11:04:50"]
[PlyCount "191"]
[TimeControl "4500+10"]


1. d4 d5 2. Nf3 Nf6 3. c4 dxc4 4. e3 Bg4 5. Nbd2 e6 6. Nxc4 Nc6 7. Be2 Bd6
8. O-O O-O 9. b3 Nd5 10. Bb2 f5 11. h3 Bh5 12. Rc1 g5 13. Ne1 Bxe2 14. Qxe2
Qf6 15. Nd3 Qe7 16. e4 fxe4 17. Qxe4 Rf6 18. Rfe1 Raf8 19. f3 a5 20. Nce5
Bxe5 21. dxe5 R6f7 22. Qc4 Ncb4 23. Ba3 b6 24. Nf2 c5 25. Bxb4 axb4 26. Ne4
Ra8 27. Rc2 h6 28. Rd2 Rd8 29. Qc2 Kg7 30. Qb2 Rff8 31. Red1 Ne3 32. Rxd8
Rxd8 33. Rd6 Nd5 34. Qd2 Rf8 35. Nf6 Nxf6 36. exf6+ Qxf6 37. Rxb6 Rd8 38.
Qe3 Qd4 39. Rxe6 Qxe3+ 40. Rxe3 Rd2 41. Re7+ Kg6 42. Re6+ Kg7 43. Ra6 Rc2
44. Kh2 c4 45. Ra4 c3 46. Rxb4 Rxa2 47. Rc4 c2 48. h4 Rb2 49. hxg5 hxg5 50.
Kh3 Rxb3 51. Rxc2 Rb4 52. Rc7+ Kg6 53. Rc6+ Kg7 54. Kg3 Ra4 55. Re6 Ra2 56.
Kh3 Ra4 57. Re4 Ra2 58. g3 Kg6 59. Re6+ Kf7 60. Re1 Kg6 61. Kg4 Ra4+ 62.
Re4 Ra6 63. Rb4 Rc6 64. Kh3 Ra6 65. Rb8 Ra4 66. Rg8+ Kf6 67. Re8 Kg6 68.
Re6+ Kf7 69. Re4 Ra6 70. Rb4 Kg6 71. Kg4 Rc6 72. Rb5 Rc4+ 73. f4 gxf4 74.
gxf4 Ra4 75. Rb6+ Kf7 76. Kg5 Ra1 77. Rb7+ Kf8 78. Rb6 Kf7 79. Rb7+ Kf8 80.
f5 Ra6 81. Rh7 Rb6 82. Rh6 Rxh6 83. Kxh6 Kf7 84. Kg5 Kg7 85. Kg4 Kf6 86.
Kf4 Kf7 87. Ke3 Kf6 88. Ke4 Kf7 89. Ke5 Ke7 90. f6+ Kf7 91. Kf5 Kf8 92. Kf4
Kf7 93. Kg5 Kf8 94. Kg6 Kg8 95. f7+ Kf8 96. Kf6 { Black stalemated }
1/2-1/2

[Event "ICC tourney 2163 (75 10)"]
[Site "Internet Chess Club"]
[Date "2020.11.27"]
[Round "1"]
[White "espark"]
[Black "Blue-Elephant1"]
[Result "1/2-1/2"]
[ICCResult "Game drawn by mutual agreement"]
[WhiteElo "2327"]
[BlackElo "2113"]
[Opening "Sicilian: Kan, Maróczy bind (Réti variation)"]
[ECO "B41"]
[NIC "SI.41"]
[Time "11:04:26"]
[PlyCount "108"]
[TimeControl "4500+10"]


1. e4 c5 2. Nf3 e6 3. d4 cxd4 4. Nxd4 a6 5. c4 Nf6 6. Nc3 Qc7 7. Be2 b6 8.
O-O Bb7 9. f3 Be7 10. Be3 O-O 11. Qd2 d6 12. a4 Nbd7 13. a5 Rac8 14. Rfc1
Bd8 15. axb6 Nxb6 16. Bf1 Qb8 17. b3 Re8 18. Qf2 Nfd7 19. Kh1 d5 20. cxd5
exd5 21. Nxd5 Bxd5 22. exd5 Nxd5 23. Rxc8 Qxc8 24. Bd2 Bb6 25. Rc1 Qb8 26.
Qh4 N7f6 27. Nf5 g6 28. Nh6+ Kg7 29. Ng4 Nxg4 30. Qxg4 Be3 31. Bxe3 Nxe3
32. Qd4+ Kg8 33. Bc4 Nxc4 34. bxc4 Qe5 35. Qg1 Qe3 36. c5 Qxg1+ 37. Kxg1
Kf8 38. Kf2 Ke7 39. Ke3 Kd7+ 40. Kd3 Kc6 41. Rc2 Re5 42. Ra2 Rxc5 43. Rxa6+
Kd7 44. f4 h5 45. g3 Rb5 46. Ra2 Ke6 47. Ke3 Kf5 48. Kf3 Rb3+ 49. Kg2 Rc3
50. Ra5+ Kf6 51. Ra6+ Kf5 52. Ra2 Rb3 53. Ra5+ Kf6 54. Ra2 Kf5 { Game drawn
by mutual agreement } 1/2-1/2

[Event "ICC tourney 2163 (75 10)"]
[Site "Internet Chess Club"]
[Date "2020.11.27"]
[Round "1"]
[White "Gfprasanna"]
[Black "NightMovesTN"]
[Result "0-1"]
[ICCResult "White resigns"]
[WhiteElo "2135"]
[BlackElo "2394"]
[Opening "Robatsch defense: Geller's system"]
[ECO "B06"]
[NIC "KF.06"]
[Time "11:04:27"]
[PlyCount "170"]
[TimeControl "4500+10"]


1. e4 g6 2. d4 d6 3. c3 Bg7 4. Nf3 Nf6 5. Bd3 O-O 6. O-O Nc6 7. Bf4 Qe8 8.
h3 e5 9. dxe5 Nxe5 10. Nxe5 dxe5 11. Bh2 Bd7 12. Qe2 Bc6 13. Nd2 b6 14. Nc4
Nd7 15. Rad1 Nc5 16. Bc2 Bb5 17. b3 Qe6 18. Bg3 Na4 19. bxa4 Bxc4 20. Bd3
Bxd3 21. Qxd3 Qxa2 22. Qb5 Qe6 23. Qd5 Rfe8 24. Rd3 Qxd5 25. Rxd5 Re6 26.
Rfd1 Bf6 27. f3 Rae8 28. a5 Rc6 29. Be1 Be7 30. Kf1 Bd6 31. Ke2 f6 32. Kd3
Kf7 33. Kc2 Ke6 34. Kb3 a6 35. Kc2 b5 36. Kb3 Re7 37. Rc1 Rc4 38. Rd2 Re8
39. Rcd1 Ra4 40. Ra2 Rxa2 41. Kxa2 c6 42. Kb3 Rb8 43. Bf2 h5 44. Bb6 f5 45.
Re1 Rf8 46. c4 fxe4 47. Rxe4 Rf4 48. Be3 Rxe4 49. fxe4 Kd7 50. c5 Bc7 51.
Kb4 h4 52. Bf2 Bd8 53. Be3 Ke6 54. Bd2 Kf7 55. Be3 g5 56. Bd2 Kg6 57. Bc3
Bf6 58. Bd2 g4 59. Bc3 gxh3 60. gxh3 Bg5 61. Bxe5 Bd2+ 62. Kb3 Bxa5 63. Kc2
Bd8 64. Kd3 a5 65. Bd4 a4 66. Bc3 Kf7 67. Bb4 Bf6 68. Ba3 Kg6 69. Kc2 Be5
70. Kd3 Kf6 71. Kc2 Bd4 72. Bb4 Ke5 73. Kd3 Bb2 74. Kc2 a3 75. Be1 Bd4 76.
Kb3 Bxc5 77. Bxh4 Kxe4 78. Bf6 Bd4 79. Be7 Bb2 80. h4 Kd5 81. h5 c5 82. h6
b4 83. h7 c4+ 84. Ka2 b3+ 85. Kb1 c3 { White resigns } 0-1

[Event "ICC tourney 2163 (75 10)"]
[Site "Internet Chess Club"]
[Date "2020.11.27"]
[Round "1"]
[White "Chessking2008"]
[Black "TjkTiger"]
[Result "0-1"]
[ICCResult "White resigns"]
[WhiteElo "2191"]
[BlackElo "2605"]
[Opening "King's Indian: 6.Be2"]
[ECO "E91"]
[NIC "KI.19"]
[Time "11:05:15"]
[PlyCount "134"]
[TimeControl "4500+10"]


1. d4 Nf6 2. c4 g6 3. Nc3 Bg7 4. e4 d6 5. Be2 O-O 6. Nf3 c5 7. O-O cxd4 8.
Nxd4 Nc6 9. Be3 Bd7 10. Qd2 Nxd4 11. Bxd4 Bc6 12. f3 a5 13. b3 Nd7 14. Rfd1
Nc5 15. Bxg7 Kxg7 16. Qd4+ f6 17. Rab1 Qb6 18. a3 Nd7 19. Qxb6 Nxb6 20.
Rbc1 f5 21. exf5 gxf5 22. f4 Rfc8 23. Bd3 Kf6 24. Kf2 Be8 25. a4 Bc6 26.
Ne2 Nd7 27. Nd4 e6 28. Bc2 Nc5 29. Nb5 d5 30. Rd4 dxc4 31. Rxc4 b6 32. Nd4
Bb7 33. g3 Rd8 34. Ke3 Ba6 35. Rc3 Rd6 36. Rd1 Rad8 37. Rd2 Bb7 38. Rc4 Bd5
39. Nb5 R6d7 40. Rcd4 Na6 41. Nc3 Nb4 42. Nxd5+ exd5 43. Kf2 Re8 44. Bd1
Re4 45. Bf3 Rxd4 46. Rxd4 Rc7 47. Ke2 Ke6 48. g4 fxg4 49. Bxg4+ Kd6 50. Bf5
h6 51. Bg6 Ke7 52. f5 Rc2+ 53. Rd2 Rc3 54. Kf2 Kf6 55. Kg2 Nd3 56. Kf3 Rxb3
57. Ke3 Nb4+ 58. Kf4 Ra3 59. Kg4 Rxa4 60. Rd4 Ra3 61. h4 Rb3 62. Rd1 Nd3
63. Kh5 a4 64. Kxh6 a3 65. Rd2 Rc3 66. Re2 Ne5 67. Rd2 Rc5 { White resigns
} 0-1

[Event "ICC tourney 2163 (75 10)"]
[Site "Internet Chess Club"]
[Date "2020.11.27"]
[Round "1"]
[White "helavir"]
[Black "jy2020"]
[Result "1-0"]
[ICCResult "Black resigns"]
[WhiteElo "2633"]
[BlackElo "2218"]
[Opening "Sicilian: Najdorf, Byrne (English) attack"]
[ECO "B90"]
[NIC "SI.14"]
[Time "11:04:24"]
[PlyCount "87"]
[TimeControl "4500+10"]


1. e4 c5 2. Nf3 d6 3. d4 cxd4 4. Nxd4 Nf6 5. Nc3 a6 6. Be3 e5 7. Nf3 Be7 8.
Bc4 O-O 9. O-O Nc6 10. Bb3 Be6 11. Bg5 Rc8 12. Bxf6 Bxf6 13. Nd5 Na5 14. c3
Be7 15. Qd3 Nxb3 16. axb3 f5 17. Rad1 Rc6 18. Nd2 Bg5 19. Nb4 Rc7 20. exf5
Bxf5 21. Ne4 Kh8 22. Qe2 Rd7 23. Kh1 Bh6 24. Nd5 Be6 25. Rd3 g6 26. Rfd1
Bf5 27. f3 Rff7 28. b4 Be6 29. Qe1 Kg7 30. c4 Kh8 31. b3 Kg8 32. Ndc3 Bf8
33. Qe3 h6 34. Nd5 Bxd5 35. Rxd5 g5 36. Qd3 b6 37. c5 bxc5 38. bxc5 Qb8 39.
cxd6 Qb6 40. Nc5 Rd8 41. Ne6 Rdd7 42. Qg6+ Bg7 43. Rc1 Qb7 44. Rdc5 { Black
resigns } 1-0

[Event "ICC tourney 2163 (75 10)"]
[Site "Internet Chess Club"]
[Date "2020.11.27"]
[Round "1"]
[White "dopolian"]
[Black "BlueJay01"]
[Result "1-0"]
[ICCResult "Black resigns"]
[WhiteElo "2269"]
[BlackElo "2094"]
[Opening "Ruy Lopez: 5.O-O"]
[ECO "C78"]
[NIC "RL.12"]
[Time "11:04:25"]
[PlyCount "87"]
[TimeControl "4500+10"]


1. e4 e5 2. Nf3 Nc6 3. Bb5 a6 4. Ba4 Nf6 5. O-O b5 6. Bb3 Bc5 7. c3 d6 8.
d4 Bb6 9. a4 Rb8 10. h3 O-O 11. Be3 h6 12. Nbd2 Re8 13. axb5 axb5 14. Re1
Bb7 15. d5 Bxe3 16. Rxe3 Ne7 17. Qc2 Ng6 18. c4 c6 19. dxc6 Bxc6 20. cxb5
Bxb5 21. Rc3 Re7 22. Nf1 Nf4 23. Ng3 Reb7 24. Rd1 Qb6 25. Rd2 g6 26. Qd1
Ne8 27. h4 Kg7 28. h5 Qa6 29. hxg6 fxg6 30. Nh4 h5 31. Nhf5+ gxf5 32. Nxh5+
Kf8 33. Nxf4 exf4 34. Qh5 Rg7 35. Qxf5+ Ke7 36. e5 Bd7 37. Qxf4 Rg4 38.
Qf7+ Kd8 39. e6 Bxe6 40. Qxe6 Rg7 41. Re2 Qb5 42. Rg3 Rxg3 43. Qe7+ Kc8 44.
Be6+ { Black resigns } 1-0

[Event "ICC tourney 2163 (75 10)"]
[Site "Internet Chess Club"]
[Date "2020.11.27"]
[Round "1"]
[White "MiamiBoy"]
[Black "NyzhnykIllia"]
[Result "0-1"]
[ICCResult "White checkmated"]
[WhiteElo "2251"]
[BlackElo "2729"]
[Opening "Caro-Kann: advance variation"]
[ECO "B12"]
[NIC "CK.04"]
[Time "11:04:26"]
[PlyCount "108"]
[TimeControl "4500+10"]


1. e4 c6 2. d4 d5 3. e5 Bf5 4. Nf3 e6 5. Be2 Ne7 6. O-O c5 7. dxc5 Nec6 8.
Be3 Nd7 9. c4 dxc4 10. Bxc4 Bxc5 11. Bxc5 Nxc5 12. Nc3 a6 13. Qe2 O-O 14.
Rad1 Qc7 15. h3 Rfd8 16. Qe3 Nd7 17. Rfe1 Nb4 18. Bb3 Nc5 19. Nd4 Bg6 20.
Bc4 b5 21. Be2 Rxd4 22. Qxd4 Nc2 23. Qf4 Nxe1 24. Rxe1 Nd7 25. Bf3 Rb8 26.
Qd4 h6 27. a3 Nb6 28. Ne4 Bxe4 29. Qxe4 Nc4 30. Rc1 Qa5 31. Rc2 Rd8 32. Kh2
Nd2 33. Qe2 Qa4 34. Rc3 Qd4 35. Bb7 a5 36. Ba6 Ne4 37. Re3 Qxe5+ 38. g3 f5
39. Bxb5 Qc5 40. Bd3 Nxf2 41. b4 axb4 42. axb4 Qa7 43. Bxf5 exf5 44. Qxf2
Qa1 45. Qe2 Rd1 46. Qf2 Qa8 47. Qg2 Qa4 48. Qb2 Qd7 49. Re2 f4 50. Rg2
fxg3+ 51. Kxg3 Rd3+ 52. Kh2 Rxh3+ 53. Kg1 Qd1+ 54. Kf2 Rf3# { White
checkmated } 0-1

[Event "ICC tourney 2163 (75 10)"]
[Site "Internet Chess Club"]
[Date "2020.11.27"]
[Round "1"]
[White "pandaexpress"]
[Black "creepycrawlies"]
[Result "0-1"]
[ICCResult "White resigns"]
[WhiteElo "2420"]
[BlackElo "2159"]
[Opening "English, 1...Nf6 (Anglo-Indian defense)"]
[ECO "A15"]
[NIC "RE.05"]
[Time "11:04:20"]
[PlyCount "122"]
[TimeControl "4500+10"]


1. c4 Nf6 2. g3 c6 3. Bg2 d5 4. Nf3 Bg4 5. cxd5 cxd5 6. Qb3 Qc8 7. Nc3 e6
8. d3 Nc6 9. Bg5 Be7 10. O-O O-O 11. Qa4 Bh5 12. Rac1 h6 13. Be3 Qd7 14. d4
Rfc8 15. h3 a6 16. Qd1 Qd8 17. Ne5 Nxe5 18. dxe5 Nd7 19. g4 Bg6 20. f4 Bh7
21. Bd4 b5 22. e3 Nb6 23. f5 Bg5 24. b3 b4 25. Ne2 Nd7 26. Nf4 Nf8 27. Qf3
Rxc1 28. Rxc1 Rc8 29. Rf1 Qd7 30. Nd3 a5 31. Nc5 Qe7 32. Nd3 Nd7 33. Nf4
Nf8 34. Nh5 Qe8 35. Qg3 Rc2 36. h4 Bd8 37. f6 g5 38. hxg5 hxg5 39. Ng7 Qb5
40. Nf5 Ng6 41. Qh3 exf5 42. Qh6 Rxg2+ 43. Kxg2 Qe2+ 44. Rf2 Qxg4+ 45. Kf1
Qd1+ 46. Kg2 Qg4+ 47. Kh2 Qh4+ 48. Qxh4 Nxh4 49. Rc2 Nf3+ 50. Kh1 Nxd4 51.
exd4 Kf8 52. Rh2 Bg8 53. Rh5 Bb6 54. Rxg5 Bxd4 55. Rxf5 Bh7 56. Rh5 Be4+
57. Kh2 Ke8 58. Kg3 Kd7 59. Kf4 Ke6 60. Rg5 Bg6 61. Kf3 Bxe5 { White
resigns } 0-1

[Event "ICC tourney 2163 (75 10)"]
[Site "Internet Chess Club"]
[Date "2020.11.27"]
[Round "2"]
[White "Enamul"]
[Black "manest"]
[Result "1/2-1/2"]
[ICCResult "Game drawn by mutual agreement"]
[WhiteElo "2476"]
[BlackElo "2718"]
[Opening "Sicilian: accelerated fianchetto, Gurgenidze variation"]
[ECO "B36"]
[NIC "SI.33"]
[Time "14:46:25"]
[PlyCount "42"]
[TimeControl "4500+10"]


1. e4 c5 2. Nf3 g6 3. d4 cxd4 4. Nxd4 Nc6 5. c4 Nf6 6. Nc3 Nxd4 7. Qxd4 d6
8. Bg5 Bg7 9. f3 O-O 10. Qd2 Qa5 11. Rc1 Be6 12. Be2 Rfc8 13. b3 a6 14. Na4
Qxd2+ 15. Kxd2 Nd7 16. g4 Kf8 17. Be3 Rc6 18. h3 Nc5 19. Nxc5 dxc5 20. a4
Rd8+ 21. Kc2 Bd4 { Game drawn by mutual agreement } 1/2-1/2

[Event "ICC tourney 2163 (75 10)"]
[Site "Internet Chess Club"]
[Date "2020.11.27"]
[Round "2"]
[White "Blue-Elephant1"]
[Black "mhebden"]
[Result "1-0"]
[ICCResult "Black resigns"]
[WhiteElo "2113"]
[BlackElo "2503"]
[Opening "King's Indian: Kramer system"]
[ECO "E70"]
[NIC "KI.31"]
[Time "14:46:25"]
[PlyCount "107"]
[TimeControl "4500+10"]


1. d4 Nf6 2. c4 g6 3. Nc3 Bg7 4. e4 d6 5. Nge2 c6 6. f3 O-O 7. Be3 a6 8. a4
e5 9. d5 a5 10. Nc1 Na6 11. Be2 Nh5 12. O-O f5 13. Nd3 f4 14. Bf2 Qg5 15.
Qd2 Bh6 16. Rfd1 c5 17. Nb5 Qd8 18. Be1 b6 19. g4 fxg3 20. Qxh6 gxh2+ 21.
Kh1 Nb4 22. Nxb4 axb4 23. Bf2 Rf4 24. Rd2 Qf6 25. Nc7 Rxf3 26. Ne8 Qf4 27.
Qxf4 Rxf4 28. Bxh5 gxh5 29. Bg3 Rf3 30. Bxh2 Bg4 31. Nxd6 h4 32. Bxe5 h3
33. Kh2 h5 34. Bg3 Kg7 35. e5 Kg6 36. e6 Kf6 37. Rf2 h4 38. Bxh4+ Ke5 39.
Rxf3 Bxf3 40. Bg3+ Kd4 41. e7 Bh5 42. Re1 Rxa4 43. e8=Q Bxe8 44. Nxe8 Kxc4
45. d6 Ra8 46. d7 Rd8 47. Nf6 Kb3 48. Re2 c4 49. Re8 Rxd7 50. Nxd7 Kxb2 51.
Nxb6 c3 52. Na4+ Kb3 53. Nxc3 bxc3 54. Bf4 { Black resigns } 1-0